 Dungeon Crawl Stone Soup version 0.22-a0-346-ga714374 (webtiles) character file.

33 grindst0ne the Skirmisher (level 3, -11/30 HPs)
             Began as a Formicid Abyssal Knight on Apr 6, 2018.
             Was an Initiate of Lugonu.
             Killed by nerve-wracking pain
             ... invoked by an orc priest
              (14 damage)
             ... on level 2 of the Dungeon.
             The game lasted 00:01:39 (948 turns).

grindst0ne the Skirmisher (Formicid Abyssal Knight)  Turns: 948, Time: 00:01:40

Health: -11/30     AC:  6    Str: 13 (16) XL:     3   Next: 47%
Magic:  5/5        EV: 15    Int: 13 (14) God:    Lugonu [......]
Gold:   65         SH:  0    Dex: 12 (15) Spells: 2/2 levels left

rFire    . . .     SeeInvis +   a - +1 falchion
rCold    . . .     Gourm    .   (no shield)
rNeg     . . .     Faith    .   i - +0 ring mail (curse)
rPois    .         Spirit   .   (helmet unavailable)
rElec    .         Reflect  .   (no cloak)
rCorr    .         Harm     .   o - +0 pair of gloves
MR       .....                  (no boots)
Stlth    ++........             (no amulet)
HPRegen  0.10/turn              (no ring)
MPRegen  0.09/turn              (no ring)

@: agile
A: permanent stasis, dig shafts and tunnels, four strong arms, antennae 3, beak,
clever 1
a: Dig, Shaft Self, Renounce Religion


You were on level 2 of the Dungeon.
You worshipped Lugonu.
Lugonu was noncommittal.
You were not hungry.

You visited 1 branch of the dungeon, and saw 2 of its levels.
You visited the Abyss 1 time.

You collected 65 gold pieces.

Inventory:

Hand Weapons
 a - a +1 falchion (weapon)
Missiles
 m - 4 javelins (quivered)
Armour
 b - a +0 leather armour
 i - a cursed +0 ring mail (worn)
 o - a +0 pair of gloves (worn)
Scrolls
 d - 3 scrolls of identify {unknown}
 e - a scroll of magic mapping {unknown}
 h - a scroll of fear {unknown}
 k - a scroll of random uselessness {unknown}
 n - 2 scrolls of amnesia {unknown}
 q - a scroll of remove curse {unknown}
Potions
 j - a potion of mutation
Comestibles
 c - 2 rations
 p - a chunk of flesh


   Skills:
 + Level 3.7 Fighting
 + Level 2.4 Long Blades
 + Level 2.7 Armour
 - Level 0.8 Dodging
 + Level 2.8 Invocations


You had 2 spell levels left.
You didn't know any spells.

Dungeon Overview and Level Annotations

Branches:
Dungeon (2/15)

Altars:


Innate Abilities, Weirdness & Mutations

You cannot be hasted, slowed, berserked, paralysed or teleported.
You can dig through walls and to a lower floor.
Your four strong arms can wield two-handed weapons with a shield.
You have a pair of large antennae on your head. (SInv)
You have a beak for a mouth.
Your mind is acute. (Int +2)


Message History

You kill the orc!
Lugonu accepts your kill.
You closely miss the orc priest.
The orc priest mumbles some strange prayers to Beogh against you.
Pain shoots through your body!
* * * LOW HITPOINT WARNING * * *
You barely miss the orc priest. The orc priest closely misses you.
You riposte.
You closely miss the orc priest. Your peck misses the orc priest.
You hit the orc priest.
The orc priest is lightly wounded.
The orc priest barely misses you.
You riposte.
You barely miss the orc priest.
The orc priest is lightly wounded.
You hit the orc priest.
The orc priest is moderately wounded.
The orc priest misses you.
You hit the orc priest.
The orc priest is moderately wounded.
The orc priest mumbles some strange prayers to Beogh against you.
Pain shoots through your body!
You die...

#{#
#.#########
#{# #.# #.#
#.#
#.######.#
##........#
#{#########
##{# #o##
##@# ###


You could see an orc priest.

Vanquished Creatures
  2 adders (D:2)
  An orc (D:2)
  A giant cockroach (D:1)
  2 goblins (D:1)
  3 hobgoblins (D:1)
  A ball python (D:1)
  A bat (D:1)
  A kobold (D:1)
  2 rats
14 creatures vanquished.

Notes
Turn   | Place    | Note
-------+----------+-------------------------------------------
     0 | Abyss:1  | grindst0ne the Formicid Abyssal Knight began the quest for the Orb.
     0 | Abyss:1  | Reached XP level 1. HP: 18/18 MP: 2/2
    36 | Abyss:1  | Found a corrupted altar of Lugonu.
   103 | Abyss:1  | Noticed a neqoxec
   103 | D:1      | Escaped the Abyss
   164 | D:1      | Reached XP level 2. HP: 19/24 MP: 3/3
   873 | D:2      | Reached XP level 3. HP: 20/29 MP: 3/5
   932 | D:2      | Gained mutation: Your mind is acute. (Int +2) [potion of mutation]
   932 | D:2      | Gained mutation: You have a beak for a mouth. [potion of mutation]
   948 | D:2      | Killed from afar by an orc priest

Vault maps used:
D:1:      minmay_arrival_arboretum_small
D:2:      st_stairs_9, uniq_crazy_yiuf_cottage
Abyss:1:  bh_abyss_exit_grid

Action                   || total
-------------------------++-------
Melee: Falchion          ||    46
       Peck              ||     1
Invok: Depart the Abyss  ||     1
 Abil: Dig               ||     1
  Use: Potion            ||     4
Armor: Leather armour    ||     4
       Ring mail         ||    14
Dodge: Dodged            ||    39
       Rpst.: Falchion   ||    15

Table legend:
 A = Spawn XP
 B = Non-spawn XP
 C = Spawn XP percentage of total XP
 D = Spawn monster count
 E = Non-spawn monster count
 F = Spawn count percentage of total count
 G = Total turns spent on level
                    A         B        C        D         E        F      G
               +---------+---------+-------+---------+---------+-------+---------
         Total |       0 |      48 |   0.0 |       0 |      14 |   0.0 |   948
               +---------+---------+-------+---------+---------+-------+---------
           D:1 |       0 |      16 |   0.0 |       0 |      10 |   0.0 |   663
           D:2 |       0 |      32 |   0.0 |       0 |       4 |   0.0 |   182
               +---------+---------+-------+---------+---------+-------+---------
